 Dungeon Crawl Stone Soup version 0.29-a0-194-g6e3aafee17 (webtiles) character file.

Game seed: 13448702659202243267

35391 freelancePsychic the Jinx (level 13, -5/80 HPs)
             Began as a Vampire Summoner on Feb 23, 2022.
             Was a Follower of Yredelemnul.
             Slain by an ice devil (11 damage)
             ... in an ice cave.
             The game lasted 00:50:51 (15659 turns).

freelancePsychic the Jinx (Vampire Summoner)       Turns: 15659, Time: 00:50:51

Health: -5/80      AC:  5    Str:  7    XL:     13   Next: 47%
Magic:  15/21      EV: 16    Int: 20    God:    Yredelemnul [*.....]
Gold:   972        SH:  8    Dex: 25    Spells: 1/22 levels left

rFire   + + .      SeeInvis +   f - +3 dagger (venom)
rCold   + + .      Faith    .   o - +2 buckler
rNeg    + + +      Spirit   .   g - +2 robe "Resiuxt" {+Blink Regen+ Int-2 Dex+10}
rPois   ∞          Reflect  .   (no helmet)
rElec   .          Harm     .   (no cloak)
rCorr   .          Rampage  .   v - +0 pair of gloves {hurl}
Will    +....                   (no boots)
Stlth   +++++++...              (no amulet)
HPRegen 0.00/turn               q - ring of protection from fire
MPRegen 0.17/turn               z - ring of protection from fire

@: bloodless, inhibited regen
A: bloodless, fangs 3, see invisible, vampiric 2
a: Bat Form, Revivify, Renounce Religion, Evoke Blink, Recall Undead Harvest


You were in an ice cave.
You worshipped Yredelemnul.
Yredelemnul was noncommittal.
You visited 3 branches of the dungeon, and saw 17 of its levels.
You also visited: Ice Cave.

You collected 972 gold pieces.

Inventory:

Hand Weapons
 f - a +3 dagger of venom (weapon)
Missiles
 t - 3 throwing nets
Armour
 a - a +0 robe
 g - the +2 robe "Resiuxt" (worn) {+Blink Regen+ Int-2 Dex+10}
   (You found it on level 2 of the Dungeon)

   Int:       It affects your intelligence (-2).
   Dex:       It affects your dexterity (+10).
   +Blink:    It lets you blink.
   Regen:     It increases your rate of health regeneration.
 k - a scarf of invisibility
 o - a +2 buckler (worn)
 v - a +0 pair of gloves of hurling (worn)
Magical Staves
 c - a staff of death
Jewellery
 i - a +4 ring of evasion
 m - a ring of resist corrosion
 q - a ring of protection from fire (left hand)
 y - a +6 ring of intelligence
 z - a ring of protection from fire (right hand)
 A - an amulet of guardian spirit
 H - a ring of fire
 J - a +4 ring of protection
 M - a +6 ring of dexterity
 S - a ring of ice
Wands
 C - a wand of polymorph (16)
 E - a wand of acid (1)
 I - a wand of flame (21)
 N - a wand of iceblast (5)
 U - a wand of paralysis (7)
Scrolls
 d - 2 scrolls of torment
 e - 2 scrolls of brand weapon
 l - 2 scrolls of amnesia
 n - a scroll of noise
 p - 5 scrolls of teleportation {@r4}
 r - 3 scrolls of fear
 x - 2 scrolls of enchant armour
 B - 2 scrolls of fog
 K - 2 scrolls of vulnerability
 O - a scroll of magic mapping
 R - a scroll of silence
Potions
 b - 2 potions of haste {unknown}
 s - 3 potions of berserk rage {unknown}
 u - 3 potions of attraction {unknown}
 w - a potion of degeneration {unknown}
 D - a potion of might {unknown}
 F - a potion of brilliance {unknown}
 G - 2 potions of cancellation {unknown}
 L - a potion of resistance {unknown}
 Q - a potion of flight {unknown}


   Skills:
 - Level 9.3 Fighting
 - Level 7.8 Short Blades
 - Level 5.7 Dodging
 - Level 10.4 Stealth
 - Level 2.0 Shields
 - Level 5.3 Spellcasting
 - Level 11.3 Hexes
 - Level 7.9 Summonings
 - Level 6.2 Necromancy
 + Level 7.8 Transmutations
 - Level 5.9 Air Magic
 + Level 7.1 Earth Magic
 - Level 3.7 Invocations


You had one spell level left.
You knew the following spells:

 Your Spells              Type           Power      Damage    Failure   Level
a - Summon Small Mammal   Summ           100%       N/A       1%          1
b - Call Canine Familiar  Summ           37%        N/A       1%          3
d - Summon Lightning Spi  Summ/Air       33%        N/A       9%          4
e - Anguish               Hex/Necr       20%        N/A       4%          4
f - Statue Form           Tmut/Erth      23%        N/A       71%         6
z - Summon Guardian Gole  Hex/Summ       44%        N/A       1%          3

Your spell library contained the following spells:

 Spells                   Type           Power      Damage    Failure   Level
 Beastly Appendage        Tmut           72%        N/A       1%          1
 Sandblast                Erth           68%        2d15      1%          1
 Slow                     Hex            100%       N/A       1%          1
 Shock                    Conj/Air       68%        1d7       4%          1
 Magic Dart               Conj           20%        1d4       14%         1
 Call Imp                 Summ           37%        N/A       1%          2
 Corpse Rot               Necr/Air       58%        N/A       1%          2
 Passwall                 Tmut/Erth      29%        N/A       1%          2
 Wereblood                Tmut           36%        N/A       1%          2
 Confusing Touch          Hex            50%        N/A       1%          3
 Tukima's Dance           Hex            50%        N/A       1%          3
 Vampiric Draining        Necr           30%        2d8       3%          3
 Dazzling Flash           Conj/Hex       56%        N/A       4%          3
 Poisonous Vapours        Pois/Air       34%        N/A       7%          2
 Mephitic Cloud           Conj/Pois/Air  13%        N/A       21%         3
 Irradiate                Conj/Tmut      10%        3d17      63%         5
 Enfeeble                 Hex            25%        N/A       75%         7
 Iskenderun's Battlesphe  Conj           5%         2d6       99%         5
 Iron Shot                Conj/Erth      9%         9d3       99%         6
 Orb of Destruction       Conj           2%         9d5       100%        7
 Spellforged Servitor     Conj/Summ      10%        N/A       100%        7


Dungeon Overview and Level Annotations

Branches:
Dungeon (11/15)            Temple (1/1) D:4            Lair (5/6) D:11
 Shoals (0/4) Lair:2        Snake (0/4) Lair:2          Orc (0/2) D:11
  IceCv (1/1)
  Slime: Lair:5-6

Altars:
Cheibriados
Dithmenos
Elyvilon
Fedhas
Gozag
Kikubaaqudgha
Makhleb
Nemelex Xobeh
Qazlal
Ru
Vehumet
Xom
Yredelemnul
Zin

Shops:
D:2 !   D:4 =

Annotations:
D:9 exclusion: 3 lindwurms
D:10 Urug IceCv exclusion: 2 ice statues


Innate Abilities, Weirdness & Mutations

You do not regenerate when monsters are visible.
You are frail without blood (-20% HP).
You can heal yourself when you bite living creatures.
You are immune to poison.
You have razor-sharp teeth.
You have supernaturally acute eyesight. (SInv)
You are afflicted with vampirism and can become a bat while bloodless.


Message History

* * * LOW HITPOINT WARNING * * *
Your hound bites the ice devil but does no damage.
Your guardian golem overheats!
Your hound bites the ice devil but does no damage.
The ice devil hits your guardian golem. Flame seeps out of your guardian golem.
The ice devil freezes your guardian golem.
Your guardian golem resists.
Flame seeps out of your guardian golem.
Your hound completely misses the ice devil.
Your hound bites the ice devil but does no damage.
The ice devil hits your hound! The ice devil freezes your hound!
Your guardian golem disappears in a puff of smoke!
Your guardian golem explodes!
The fiery explosion engulfs the ice devil!
The ice devil is burned terribly!
Your hound barely misses the ice devil.
Your hound closely misses the ice devil.
The ice devil is engulfed in blazing flames.
The ice devil misses your hound.
Your hound bites the ice devil but does no damage.
The ice devil is engulfed in blazing flames.
The ice devil dies!
A black mist starts to gather...
Casting: Call Canine Familiar (safe; 1% risk of failure)
Confirm with . or Enter, or press ? or * to list all spells.
You don't know that spell.
Casting: Call Canine Familiar (safe; 1% risk of failure)
Confirm with . or Enter, or press ? or * to list all spells.
A guardian golem appears, shielding your allies.
Your hound bites the ice devil but does no damage.
Your hound bites the ice devil but does no damage.
The ice devil misses you.
Your hound barely misses the ice devil.
Okay, then.
You feel better. The ice devil hits you!
* * * LOW HITPOINT WARNING * * *
The ice devil freezes you. You resist.
* * * LOW HITPOINT WARNING * * *
You feel better. The ice devil hits you!
You die...
Yredelemnul claims you as an undead slave.

###### ###....###
##..h.h...###
##....###..h.##
#...###.###.Z§### ##
#...##....####.§## .##
######.Z##.....##○.Z#
..###.#.....h.94@.)###..#
...#.........##..[##...##
§......############...##
.....### ###...## ...###
######...### 8###
#.....4Z## ##
Z..☼§......#
..##§........#
#§§####.☼#.Z§#


You could see an ice devil (ally target), a friendly spectral ice devil
(sheltered), a friendly guardian golem (summoned) and a friendly hound
(summoned, sheltered).

Vanquished Creatures
  2 hydras
  A catoblepas (Lair:2)
  2 two-headed ogres
  Nergalle (D:10)
  3 ugly things
  A cyclops (D:11)
  2 black mambas
  5 cane toads
  4 komodo dragons
  A merfolk (Lair:2)
  An ice devil (IceCv)
  3 polar bears
  A blink frog (Lair:1)
  A vampire (D:11)
  4 basilisks
  3 wyverns
  13 yaks
  A warg (D:11)
  2 water moccasins
  2 orc warriors
  2 ice beasts
  3 centaurs
  5 wolves
  An ogre (D:7)
  A kobold brigand (D:8)
  9 bullfrogs
  A gnoll sergeant (D:4)
  4 two-headed ogre simulacra (IceCv)
  3 scorpions
  5 killer bees (D:8)
  2 howler monkeys (D:8)
  An electric eel (D:8)
  4 wights
  2 jellies
  5 orc priests
  7 iguanas
  16 orc wizards
  2 spriggan simulacra (IceCv)
  A troll simulacrum (IceCv)
  A scorpion zombie (D:5)
  A killer bee zombie (D:8)
  2 wolf simulacra (IceCv)
  3 howler monkey zombies (D:9)
  7 gnolls
  A howler monkey skeleton (D:6)
  8 adders
  A naga simulacrum (IceCv)
  2 ufetubi
  A worm (D:2)
  3 dart slugs
  30 orcs
  5 bats
  6 endoplasms
  2 giant cockroaches (D:1)
  5 goblins
  8 hobgoblins
  6 jackals
  5 quokkas
  8 ball pythons
  3 frilled lizards
  4 kobolds
  5 rats
244 creatures vanquished.

Vanquished Creatures (collateral kills)
  3 hydras (Lair:2)
  A goliath frog (shapeshifter) (D:8)
  A deep elf pyromancer (D:8)
  A merfolk siren (Lair:2)
  A black mamba (Lair:2)
  2 cane toads
  A kobold demonologist (D:8)
  2 komodo dragons
  A merfolk (Lair:2)
  A polar bear (Lair:3)
  4 blink frogs
  2 wyverns (D:8)
  10 yaks
  3 water moccasins
  2 nagas (Lair:2)
  An orc warrior (D:11)
  An ice beast (D:8)
  A black bear (Lair:3)
  7 wolves
  A phantom (D:4)
  A kobold brigand (D:8)
  4 bullfrogs
  A gnoll sergeant (D:8)
  A wight (D:7)
  2 electric eels (D:8)
  A bullfrog zombie (D:6)
  A centaur zombie (D:8)
  A hound (D:4)
  A bullfrog skeleton (D:5)
  An orc priest (D:6)
  2 orc wizards
  A polar bear simulacrum (IceCv)
  A spriggan simulacrum (IceCv)
  2 howler monkey zombies
  2 gnolls
  The ghost of Zeldest the Sneak, a weakling FoDe (D:5)
  9 orcs
  An endoplasm (D:1)
  4 goblins
  A hobgoblin (D:1)
  3 jackals (D:1)
  2 quokkas
  A ball python (D:1)
  2 bats (D:1)
  A frilled lizard (D:1)
  A kobold (D:1)
  A fungus (Lair:4)
95 creatures vanquished.

Vanquished Creatures (others)
  A boulder beetle (D:11)
  3 hydras
  A tengu warrior (D:8)
  An ugly thing zombie (D:8)
  An ugly thing (D:9)
  5 cane toads
  A catoblepas zombie (Lair:2)
  2 ice devils (IceCv)
  An anaconda simulacrum (IceCv)
  A merfolk (Lair:2)
  A hydra zombie (Lair:2)
  2 hornets
  A blink frog (Lair:1)
  A black mamba zombie (Lair:2)
  A wyvern (D:7)
  6 yaks
  A death yak simulacrum (IceCv)
  2 vampire mosquitoes (D:10)
  A naga (Lair:2)
  2 merfolk zombies (Lair:2)
  A cane toad zombie (Lair:4)
  An ice beast (D:8)
  4 orc warriors
  An elf zombie (D:8)
  A hornet zombie (D:8)
  A vampire mosquito zombie (D:10)
  A phantom (D:6)
  A centaur (D:11)
  A kobold brigand (D:8)
  A komodo dragon zombie (Lair:2)
  A gnoll sergeant (D:11)
  A cyclops zombie (D:11)
  2 wyvern zombies (D:8)
  A cane toad simulacrum (IceCv)
  A water moccasin zombie (D:8)
  3 yak zombies (D:8)
  A killer bee (D:8)
  An elephant simulacrum (IceCv)
  A wolf zombie (Lair:4)
  5 bullfrog zombies
  A centaur zombie (D:7)
  2 orc wizards
  2 killer bee zombies (D:8)
  3 kobold zombies (D:8)
  A howler monkey zombie (D:8)
  2 gnoll zombies (D:8)
  20 orc zombies
  An electric eel zombie (D:8)
  4 orcs
  A hobgoblin zombie (D:4)
  A spectral endoplasm (D:4)
  32 fungi
  49 plants
184 creatures vanquished.

Grand Total: 523 creatures vanquished

Notes
Turn   | Place    | Note
-------+----------+-------------------------------------------
     0 | D:1      | freelancePsychic the Vampire Summoner began the quest for
                  | the Orb.
     0 | D:1      | Reached XP level 1. HP: 13/13 MP: 3/3
   375 | D:1      | Reached XP level 2. HP: 20/20 MP: 1/5
   759 | D:1      | Reached skill level 1 in Fighting
  1123 | D:2      | Gained mutation: You are afflicted with vampirism and can
                  | become a bat while bloodless. [Vampire growth]
  1123 | D:2      | Reached XP level 3. HP: 26/26 MP: 0/6
  1145 | D:2      | Learned a level 3 spell: Call Canine Familiar
  1234 | D:2      | Identified the +2 robe "Resiuxt" {+Blink Regen+ Int-2
                  | Dex+10}
  1277 | D:2      | Found a sparkling altar of Nemelex Xobeh.
  1296 | D:2      | Found Deeg's Distillery.
  1625 | D:2      | Got Zuovumer's Witchery for Beginners
  2062 | D:3      | Reached XP level 4. HP: 32/32 MP: 7/7
  2093 | D:3      | Found a faded altar of an unknown god.
  2160 | D:3      | Reached skill level 5 in Summonings
  2252 | D:3      | Reached XP level 5. HP: 37/38 MP: 9/9
  2372 | D:3      | Learned a level 3 spell: Summon Guardian Golem
  2745 | D:4      | Found a staircase to the Ecumenical Temple.
  2755 | Temple   | Entered the Ecumenical Temple
  2863 | Temple   | Became a worshipper of Yredelemnul the Dark
  2937 | D:4      | Reached skill level 1 in Hexes
  3007 | D:4      | Noticed a phantom
  3015 | D:4      | Reached skill level 2 in Hexes
  3015 | D:4      | Reached XP level 6. HP: 37/46 MP: 6/10
  3045 | D:4      | Reached skill level 5 in Stealth
  3105 | D:4      | Found Zuadwel's Jewellery Shoppe.
  3112 | D:4      | Reached * piety under Yredelemnul
  3205 | D:4      | Reached skill level 3 in Hexes
  3376 | D:5      | Entered Level 5 of the Dungeon
  3454 | D:4      | Reached XP level 7. HP: 46/52 MP: 5/11
  3638 | D:5      | Found a sacrificial altar of Ru.
  3685 | D:5      | Reached skill level 1 in Short Blades
  3825 | D:5      | Reached skill level 1 in Invocations
  3968 | D:5      | Found a runed translucent door.
  3968 | D:5      | Noticed Zeldest's ghost (weakling FoDe)
  3970 | D:5      | Noticed a yak
  4270 | D:5      | Killed a yak
  4271 | D:5      | Reached XP level 8. HP: 60/60 MP: 12/12
  4280 | D:5      | Killed Zeldest's ghost
  4551 | D:6      | Reached ** piety under Yredelemnul
  5014 | D:7      | Noticed a hornet
  5020 | D:7      | Killed a hornet
  5021 | D:7      | Reached skill level 5 in Short Blades
  5257 | D:7      | Reached XP level 9. HP: 42/66 MP: 13/13
  5839 | D:8      | Reached skill level 5 in Fighting
  6170 | D:9      | Noticed a red ugly thing
  6241 | D:9      | Noticed a lindwurm
  6332 | D:9      | Reached skill level 1 in Air Magic
  6380 | D:9      | Noticed a white ugly thing
  6391 | D:9      | Killed a white ugly thing
  6541 | D:9      | Noticed a lindwurm
  7032 | D:9      | Noticed a lindwurm
  7102 | D:9      | Killed a red ugly thing
  7151 | D:10     | Entered Level 10 of the Dungeon
  7188 | D:10     | Noticed Urug
  7314 | D:10     | Reached XP level 10. HP: 69/76 MP: 11/15
  7328 | D:10     | Learned a level 4 spell: Summon Lightning Spire
  7355 | D:10     | Noticed Nergalle
  7497 | D:10     | Killed Nergalle
  8048 | D:8      | Noticed a deep elf pyromancer
  8085 | D:8      | Identified the +8 hunting sling of Wyrd {vorpal, rN+ Will-
                  | Str+2 Int+3}
  8128 | D:8      | Noticed a tengu warrior
  8512 | D:8      | Reached skill level 5 in Air Magic
  8547 | D:8      | Reached *** piety under Yredelemnul
  8548 | D:8      | Reached skill level 5 in Spellcasting
  8713 | D:8      | Noticed a two-headed ogre
  8727 | D:8      | Killed a two-headed ogre
  8838 | D:8      | Noticed a goliath frog
  8881 | D:8      | Killed a goliath frog
  8882 | D:8      | Reached XP level 11. HP: 79/84 MP: 11/19
  8956 | D:8      | Reached skill level 1 in Shields
  9062 | D:8      | Noticed a cyan ugly thing
  9088 | D:8      | Killed a cyan ugly thing
  9286 | D:8      | Killed a deep elf pyromancer
  9382 | D:8      | Learned a level 4 spell: Anguish
  9418 | D:8      | Reached skill level 4 in Hexes
  9535 | D:8      | Killed a tengu warrior
  9536 | D:8      | Reached skill level 1 in Necromancy
  9836 | D:11     | Found a staircase to the Lair.
  9854 | D:11     | Noticed a boulder beetle
  9866 | D:11     | Reached skill level 5 in Hexes
  9871 | D:11     | Killed a boulder beetle
 10029 | D:11     | Reached skill level 6 in Hexes
 10247 | D:11     | Found a staircase to the Orcish Mines.
 10408 | D:11     | Noticed a two-headed ogre
 10415 | D:11     | Killed a two-headed ogre
 10418 | D:11     | Reached **** piety under Yredelemnul
 10484 | D:11     | Noticed a brown ugly thing
 10491 | D:11     | Killed a brown ugly thing
 10492 | D:11     | Reached skill level 7 in Hexes
 10593 | D:11     | Reached ***** piety under Yredelemnul
 10839 | Lair:1   | Entered Level 1 of the Lair of Beasts
 11090 | Lair:1   | Reached skill level 5 in Necromancy
 11335 | Lair:1   | Reached skill level 8 in Hexes
 11344 | Lair:1   | Reached XP level 12. HP: 63/94 MP: 9/20
 11528 | Lair:1   | Reached ****** piety under Yredelemnul
 11532 | Lair:1   | Reached skill level 5 in Dodging
 12047 | Lair:2   | Noticed a catoblepas
 12051 | Lair:2   | Killed a catoblepas
 12139 | Lair:2   | Reached skill level 10 in Stealth
 12146 | Lair:2   | Noticed an eight-headed hydra
 12147 | Lair:2   | Reached skill level 9 in Hexes
 12155 | Lair:2   | Killed an eight-headed hydra
 12278 | Lair:2   | Found a staircase to the Shoals.
 12453 | Lair:2   | Identified a scroll of acquirement
 12454 | Lair:2   | Acquired the Incunabulum of Moulding and Conjuration
 12538 | Lair:2   | Noticed a four-headed hydra
 12547 | Lair:2   | Killed a four-headed hydra
 12548 | Lair:2   | Reached skill level 1 in Transmutations
 12548 | Lair:2   | Reached skill level 1 in Earth Magic
 12562 | Lair:2   | Killed a four-headed hydra
 12710 | Lair:2   | Noticed a four-headed hydra
 12716 | Lair:2   | Killed a four-headed hydra
 12794 | Lair:2   | Found a staircase to the Snake Pit.
 12910 | Lair:2   | Learned a level 6 spell: Statue Form
 13515 | Lair:3   | Noticed a seven-headed hydra
 13520 | Lair:3   | Killed a seven-headed hydra
 13525 | Lair:3   | Found a blossoming altar of Fedhas.
 13527 | Lair:3   | Reached skill level 5 in Transmutations
 13539 | Lair:3   | Reached skill level 10 in Hexes
 13605 | Lair:3   | Noticed an eight-headed hydra
 13616 | Lair:3   | Killed an eight-headed hydra
 13623 | Lair:3   | Reached skill level 5 in Earth Magic
 13704 | Lair:3   | Reached XP level 13. HP: 76/101 MP: 21/21
 14171 | Lair:4   | Reached skill level 11 in Hexes
 15103 | Lair:5   | Found a frozen archway.
 15112 | IceCv    | Entered an ice cave
 15318 | IceCv    | HP: 2/80 [ice beast[an ice statue] (4)]
 15656 | IceCv    | HP: 3/80 [ice devil (13)]
 15656 | IceCv    | HP: 1/80 [ice devil (2)]
 15659 | IceCv    | Slain by an ice devil

Illustrated notes

Levels and vault maps discovered:
D:1:      roderic_crop_circles_arrival_small, layout_basic,
          hangedman_decor_points, minmay_tetromino_s4
D:2:      layout_loops_corners, serial_shops, nicolae_shop_waterfront,
          basic_altar
D:3:      minmay_angry_zag, layout_rooms, nicolae_ecumenical_oubliette,
          serial_curves, eino_curves_04, eino_curves_04
D:4:      layout_basic, minmay_temple_entry_mini_moons, kennysheep_small_circle
D:5:      layout_loops_ring, hangedman_ru_absence, ebering_ghost_inner_flame
D:6:      layout_basic
D:7:      layout_loops_ring
D:8:      nzn_winding_woodlands_cross
          [nzn_winding_woodlands_5x15_river_crossing,
          nzn_winding_woodlands_5x15_eye,
          nzn_winding_woodlands_5x15_lazy_stream,
          nzn_winding_woodlands_5x15_pool, nzn_winding_woodlands_15x15_eel_pit],
          layout_basic, minmay_tree_intersection, minmay_pinched_square
D:9:      layout_cave_pods, minmay_lindwurm_lava
D:10:     layout_basic, serial_glass, glass_columns_b, glass_columns_a,
          feat_on_display, uniq_urug, uniq_nergalle
D:11:     layout_loops_ring, lair_entry_dummy, erik_orc_4
Temple:   mainiacjoe_temple_circle_huts
Lair:1:   layout_cave_pods
Lair:2:   layout_layer_cave, elwin_shoals_entry_stream,
          minmay_snake_entry_guardpost_medium, infiniplex_staircase_pool_2
Lair:3:   layout_roguey, basic_altar
Lair:4:   layout_gridlike, cheibrodos_lair_caveside_slide
Lair:5:   layout_cellular_growth, portal_ice_cave_entry_pillars_2,
          chequers_serial_rivers_room_b, chequers_serial_rivers_small_a,
          chequers_serial_rivers_small_b, serial_bayou_shore_b,
          serial_bayou_shore_a, infiniplex_staircase_pool
IceCv:    ice_cave_small_demon

Skill      XL: |  1  2  3  4  5  6  7  8  9 10 11 12 13 |
---------------+----------------------------------------+-----
Fighting       | 1 2 3 4 5 7 8 9 |  9.3
Summonings     | 5 6 7 |  7.9
Stealth        | 4 5 7 8 9 10 | 10.4
Hexes          | 2 3 8 10 11 | 11.3
Short Blades   | 3 6 7 |  7.8
Invocations    | 1 3 |  3.7
Spellcasting   | 3 5 |  5.3
Air Magic      | 3 5 |  5.9
Shields        | 2 |  2.0
Dodging        | 4 5 |  5.7
Necromancy     | 5 6 |  6.2
Transmutations | 5 7 |  7.8
Earth Magic    | 5 7 |  7.1

Action                   |  1- 3 |  4- 6 |  7- 9 | 10-12 | 13-15 || total
-------------------------+-------+-------+-------+-------+-------++-------
Melee: Unarmed           |    21 |       |       |       |       ||    21
       Bite              |    11 |    22 |    47 |    65 |    37 ||   182
       Dagger            |    70 |   124 |   279 |   488 |   179 ||  1140
       Punch             |       |     1 |     6 |     5 |       ||    12
 Cast: Summon Small Mamm |    33 |       |       |       |       ||    33
       Call Canine Famil |       |     4 |    14 |    33 |    11 ||    62
       Summon Guardian G |       |     2 |    10 |    11 |     7 ||    30
       Summon Lightning  |       |       |       |    21 |       ||    21
       Anguish           |       |       |       |    38 |    13 ||    51
Invok: Recall Undead Har |       |       |       |     2 |     1 ||     3
 Abil: Exsanguinate      |       |       |     1 |       |     1 ||     2
       Revivify          |       |       |     1 |       |       ||     1
Evoke: Wand              |       |       |     2 |     2 |       ||     4
  Use: Scroll            |       |       |    12 |     8 |     4 ||    24
       Potion            |       |       |       |     6 |     5 ||    11
 Stab: Sleeping          |    10 |    11 |    11 |    16 |     6 ||    54
       Distracted        |       |     1 |     3 |    13 |     9 ||    26
Armor: Robe              |    20 |    11 |    35 |    50 |    14 ||   130
Dodge: Dodged            |    71 |    91 |   200 |   342 |   126 ||   830
Block: Buckler           |       |       |       |   111 |    53 ||   164

Table legend: (Time is in decaauts)
 A = Elapsed time spent in this place.
 B = Non-inter-level travel time spent in this place.
 C = Inter-level travel time spent in this place.
 D = Time resting spent in this place.
 E = Time spent auto-exploring this place.
 F = Levels seen in this place.
 G = Mean time per level.
                   A        B        C        D        E       F      G
               +--------+--------+--------+--------+--------+-----+--------+
         Total |  16649 |  15977 |    672 |   1079 |  11450 |  18 |  924.9 |
       Dungeon |  11129 |  10581 |    548 |    650 |   7415 |  11 | 1011.7 |
        Temple |    129 |    109 |     20 |      0 |     89 |   1 |  129.0 |
          Lair |   4869 |   4766 |    103 |    224 |   3874 |   5 |  973.8 |
      Ice Cave |    520 |    520 |      0 |    205 |     72 |   1 |  520.0 |
               +--------+--------+--------+--------+--------+-----+--------+

Top non-repeatable levels by time:
     D:8: 2274 daAuts
  Lair:1: 1402 daAuts
  Lair:2: 1386 daAuts
     D:9: 1237 daAuts
    D:11: 1153 daAuts
  Lair:4: 1132 daAuts
     D:7: 1091 daAuts
     D:2: 1065 daAuts
     D:1: 969 daAuts
  Lair:3: 921 daAuts
     D:5: 916 daAuts
     D:4: 694 daAuts
    D:10: 685 daAuts
     D:3: 580 daAuts
   IceCv: 520 daAuts
